Map: [ESL] Amphion

Players

Future - Winner!

  • Race: Terran Terran
  • Spawn Location: 11:00

Nina

  • Race: Protoss Protoss
  • Spawn Location: 7:00

Event: ESL SC2 Masters 2024 Spring (Regional)

VOD

Have the link to the VOD?

Description

Time

  • Played on: April 19, 2024, 2:52 p.m.
  • Length: 5:29

All games in this series

Show
View Real Time Build Order
Export as new Build Order

Future Terran - Winner!

Build Orders:  

Get SALT Encoding   

  12  0:00  SCV  
  13  0:12  SCV  
  14  0:17  Supply Depot  
  14  0:24  SCV  
  15  0:39  SCV, Barracks  
  16  0:45  Refinery  
  16  0:51  SCV  
  16  0:55  Refinery  
  17  1:03  SCV  
  18  1:15  SCV  
  19  1:26  Reaper  
  19  1:27  Orbital Command  
  20  1:39  Supply Depot  
  20  1:43  Factory  
  20  1:53  SCV  
  21  1:58  Reaper  
  21  2:00  Bunker  
  22  2:05  SCV  
  23  2:17  SCV  
  24  2:29  Hellion  
  26  2:30  SCV  
  27  2:41  Command Center  
  27  2:44  SCV  
  27  2:46  Supply Depot  
  28  2:52  Starport  
  28  2:56  SCV  
  29  2:58  Barracks Reactor  
  29  3:08  Widow Mine  
  29  3:09  SCV  
  32  3:21  SCV  
  33  3:34  SCV  
  33  3:36  Marine x2  
  33  3:37  Widow Mine, Medivac  
  39  3:51  SCV  
  39  3:53  Marine  
  39  3:54  Marine  
  41  3:58  Factory Tech Lab  
  40  4:03  SCV  
  40  4:08  Starport Tech Lab  
  41  4:11  Marine  
  41  4:12  Marine  
  41  4:14  Bunker, Orbital Command  
  41  4:15  Refinery  
  41  4:16  SCV  
  44  4:18  Siege Tank  
  44  4:22  Supply Depot  
  47  4:28  SCV, Interference Matrix, Raven  
  50  4:34  Marine  
  50  4:39  SCV  
  50  4:44  Marine  
  52  4:47  SCV  
  52  4:50  Supply Depot  
  52  4:51  SCV  
  54  4:53  Marine  
  54  4:56  Siege Tank  
  54  4:59  SCV  
  59  5:03  SCV  
  59  5:06  Barracks  
  60  5:08  Marine  
  60  5:12  SCV  
  63  5:15  SCV  
  64  5:26  Supply Depot  
Show
View Real Time Build Order
Export as new Build Order

Nina Protoss 

Build Orders: 1 Gate Expand 

Get SALT Encoding   

  12  0:01  Probe  
  13  0:13  Probe  
  14  0:20  Pylon  
  14  0:25  Probe  
  15  0:38  Probe (Chrono Boost)  
  15  0:40  Gateway  
  16  0:48  Assimilator, Probe (Chrono Boost)  
  17  0:53  Probe (Chrono Boost)  
  18  1:04  Probe  
  19  1:17  Probe  
  20  1:29  Cybernetics Core  
  20  1:37  Nexus  
  20  1:45  Pylon  
  20  1:46  Probe  
  21  1:53  Assimilator  
  21  2:03  Stalker (Chrono Boost), Probe  
  24  2:15  Warp Gate  
  24  2:17  Probe  
  25  2:26  Stalker  
  25  2:29  Probe  
  26  2:41  Probe  
  27  2:50  Shield Battery, Probe  
  28  2:53  Probe  
  28  2:56  Stalker (Chrono Boost)  
  29  3:02  Probe  
  32  3:05  Probe  
  32  3:14  Probe  
  32  3:18  Probe  
  33  3:26  Probe (Chrono Boost)  
  34  3:31  Probe (Chrono Boost)  
  35  3:38  Probe (Chrono Boost)  
  36  3:47  Probe x2 (Chrono Boost)  
  38  3:53  Probe (Chrono Boost)  
  38  3:55  Probe (Chrono Boost)  
  38  4:05  Probe (Chrono Boost)  
  38  4:07  Twilight Council  
  40  4:12  Probe (Chrono Boost)  
  40  4:14  Probe (Chrono Boost)  
  40  4:16  Stalker  
  43  4:18  Probe (Chrono Boost)  
  43  4:19  Probe, Gateway  
  45  4:29  Assimilator  
  45  4:30  Probe  
  45  4:31  Pylon, Assimilator  
  46  4:36  Probe  
  41  4:42  Probe  
  42  4:48  Probe  
  43  4:54  Stalker, Probe  
  46  5:00  Probe  
  46  5:06  Probe  
  48  5:10  Robotics Facility  
  48  5:13  Probe  
Tags
 
Add a new tag
Caveats
  • Supply blocks, unpowered buildings, or Contaminate may cause inaccurate times.
  • Supply counts are checked every 10 seconds.